 Dungeon Crawl Stone Soup version 0.29-a0-643-ga013cefcf8 (webtiles) character file.

Game seed: 17490307505256460017

4 happo123 the Gusty (level 1, 0/10 HPs)
             Began as a Tengu Air Elementalist on June 19, 2022.
             Frozen to death by an endoplasm (5 damage)
             ... on level 1 of the Dungeon.
             The game lasted 00:01:04 (132 turns).

happo123 the Gusty (Tengu Air Elementalist)          Turns: 132, Time: 00:01:04

Health: 0/10       AC:  2    Str:  8    XL:     1   Next: 60%
Magic:  0/4        EV: 12    Int: 15    God:
Gold:   0          SH:  5    Dex: 14    Spells: 3/4 levels left

rFire   . . .      SeeInvis .   (no weapon)
rCold   . . .      Faith    .   (no shield)
rNeg    . . .      Spirit   .   a - +0 robe
rPois   .          Reflect  +   (helmet restricted)
rElec   .          Harm     .   (no cloak)
rCorr   .          Rampage  .   (no gloves)
Will    .....                   (boots unavailable)
Stlth   ++........              c - amulet of reflection
HPRegen 0.03/turn               (no ring)
MPRegen 0.09/turn               (no ring)

@: no status effects
A: beak, talons 3
a: no special abilities


You were on level 1 of the Dungeon.
You visited 1 branch of the dungeon, and saw 1 of its levels.

Inventory:

Armour
 a - a +0 robe (worn)
Jewellery
 c - an amulet of reflection (around neck)
Potions
 b - a potion of magic
 d - a potion of haste {unknown}


   Skills:
 + Level 0.2 Fighting
 + Level 2.2 Dodging
 + Level 2.0 Stealth
 + Level 2.0 Spellcasting
 * Level 1.6 Conjurations
 * Level 4.1 Air Magic


You had 3 spell levels left.
You knew the following spells:

 Your Spells              Type           Power      Damage    Failure   Level
a - Shock                 Conj/Air       40%        1d5       7%          1

Your spell library contained the following spells:

 Spells                   Type           Power      Damage    Failure   Level
 Static Discharge         Conj/Air       10%        N/A       11%         2
 Swiftness                Air            13%        N/A       12%         3
 Airstrike                Air            6%         N/A       38%         4


Dungeon Overview and Level Annotations

Branches:
Dungeon (1/15)

Altars:


Innate Abilities, Weirdness & Mutations

You have a beak for a mouth.
You have claws for feet.


Message History

The endoplasm is lightly wounded.
The frilled lizard barely misses you.
Aiming: Shock (safe; 8% risk of failure)
Press: ? - help, Q - select action Shift-Dir - straight line, f/p - frilled lizard
Aim: a frilled lizard (48% to hit)
The zap hits the frilled lizard.
You kill the frilled lizard!
The zap hits the endoplasm.
You kill the endoplasm!
A giant cockroach comes into view.
Aiming: Shock (safe; 7% risk of failure)
Press: ? - help, Q - select action Shift-Dir - straight line, f - giant cockroach
Aim: a giant cockroach (68% to hit)
The zap hits the giant cockroach.
The giant cockroach is heavily wounded.
You hit the giant cockroach but do no damage.
You claw the giant cockroach.
You kill the giant cockroach!
An endoplasm comes into view.
Found a fizzy green potion and a hand axe.
Aiming: Shock (safe; 7% risk of failure)
Press: ? - help, Q - select action Shift-Dir - straight line, f - endoplasm
Aim: an endoplasm (asleep, 100% to hit)
The zap hits the endoplasm.
The endoplasm is lightly wounded.
Aiming: Shock (safe; 7% risk of failure)
Press: ? - help, Q - select action Shift-Dir - straight line, f/p - endoplasm
Aim: an endoplasm (lightly wounded, 97% to hit)
The zap hits the endoplasm.
The endoplasm is moderately wounded.
You hit the endoplasm but do no damage. You claw the endoplasm.
The endoplasm is severely wounded.
The endoplasm freezes you.
You are frozen.
You barely miss the endoplasm. You peck the endoplasm.
The endoplasm is almost dead.
The endoplasm freezes you.
You are frozen.
Ouch! That really hurt!
You die...

#...#...'.. #'####'##..
.#...#..###'
#+#######.#...#..'<#.
#.........#...######. ..
#)........#......#...
...#.........#......#...
.............#......'...
......J@.....###########
.............# #...
.............# #...
...#.........########...
.. #...!............####
# #..........######.....
#.........†# ######
#..........#
#..........#


You could see an endoplasm.

Vanquished Creatures
  An endoplasm (D:1)
  A giant cockroach (D:1)
  A frilled lizard (D:1)
  A kobold (D:1)
4 creatures vanquished.

Notes
Turn   | Place    | Note
-------+----------+-------------------------------------------
     0 | D:1      | happo123 the Tengu Air Elementalist began the quest for the
                  | Orb.
     0 | D:1      | Reached XP level 1. HP: 10/10 MP: 4/4
   132 | D:1      | Frozen to death by an endoplasm

Illustrated notes

Levels and vault maps discovered:
D:1:      minmay_arrival_widening_spiral_wide, layout_basic,
          hellmonk_ecumenical_altar_run_dry,
          nicolae_concentric_dashed_squares_wild

Action                   || total
-------------------------++-------
Melee: Unarmed           ||     3
       Kick              ||     2
       Peck              ||     1
 Cast: Shock             ||     7
Dodge: Dodged            ||     1
Block: Other             ||     1

Table legend: (Time is in decaauts)
 A = Elapsed time spent in this place.
 B = Non-inter-level travel time spent in this place.
 C = Inter-level travel time spent in this place.
 D = Time resting spent in this place.
 E = Time spent auto-exploring this place.
 F = Levels seen in this place.
 G = Mean time per level.
                   A        B        C        D        E       F      G
               +--------+--------+--------+--------+--------+-----+--------+
         Total |    132 |    117 |     15 |      0 |     69 |   1 |  132.0 |
       Dungeon |    132 |    117 |     15 |      0 |     69 |   1 |  132.0 |
               +--------+--------+--------+--------+--------+-----+--------+

Top non-repeatable levels by time:
     D:1: 132 daAuts
